| TOP OF THE 1ST |
|
Pensacola Blue Wahoos batting - Pitching for Tulsa Drillers : RHP Bill Tulk
|
|
Pitching: RHP Bill Tulk
|
|
|
Batting: RHB Randy Grewe
|
0-0: Ball 1-0: Ball 2-0: Ball 3-0: Called Strike 3-1: Base on Balls
|
|
Batting: RHB Solange Le Coq
|
0-0: Foul Ball, location: 2F 0-1: Foul Ball, location: 2F 0-2: Ball 1-2: Strikes out swinging
|
|
Batting: SHB David Garnica
|
0-0: Foul Ball, location: 2F 0-1: Ball 1-1: Called Strike 1-2: Strikes out swinging
|
|
Batting: RHB Jose Nunez
|
0-0: Ball Randy Grewe steals 2nd base (no throw) 1-0: Swinging Strike 1-1: Swinging Strike 1-2: Ball 2-2: Ball 3-2: Foul Ball, location: 2F 3-2: Foul Ball, location: 2F 3-2: Foul Ball, location: 2F 3-2: Strikes out swinging
|
| Top of the 1st over - 0 runs, 0 hits, 0 errors, 1 left on base; Pensacola 0 - Tulsa 0 |
| BOTTOM OF THE 1ST |
|
Tulsa Drillers batting - Pitching for Pensacola Blue Wahoos : LHP Jason St. Clair
|
|
Pitching: LHP Jason St. Clair
|
|
|
Batting: SHB Ray Luna
|
0-0: Foul Ball, location: 2F 0-1: Ball 1-1: Swinging Strike 1-2: SINGLE (Line Drive, 89S, EV 101.9 MPH)
|
|
Batting: SHB Guy Jerome
|
0-0: Hit by Pitch Ray Luna to second
|
|
Batting: RHB Justin Curran
|
0-0: Ball 1-0: Called Strike 1-1: Ball 2-1: Grounds into double play, 4-6-3 (Groundball, 4D, EV 101.2 MPH) Ray Luna to third
|
|
Batting: RHB Jonathan Sotelo
|
0-0: Ball 1-0: Swinging Strike 1-1: SINGLE (Groundball, 6MD, EV 104.4 MPH) Ray Luna scores
|
|
Batting: LHB Nate Kee
|
0-0: Called Strike 0-1: Ball 1-1: Foul Ball, location: 2F 1-2: Ball 2-2: Ball 3-2: Strikes out swinging
|
| Bottom of the 1st over - 1 run, 2 hits, 0 errors, 1 left on base; Pensacola 0 - Tulsa 1 |
| TOP OF THE 2ND |
|
Pensacola Blue Wahoos batting - Pitching for Tulsa Drillers : RHP Bill Tulk
|
|
Batting: RHB Mark Williams
|
0-0: SINGLE (Groundball, 4MD, EV 103.8 MPH) (infield hit)
|
|
Batting: LHB John Wagner
|
0-0: Foul Ball, location: 2F 0-1: Foul Ball, location: 2F 0-2: Ball 1-2: Ball Mark Williams is caught stealing 2nd base 2-6 2-2: Ball 3-2: Base on Balls
|
|
Batting: RHB Armando Moz
|
0-0: Called Strike 0-1: Called Strike 0-2: Grounds into double play, 6-4-3 (Groundball, 6, EV 86.9 MPH)
|
| Top of the 2nd over - 0 runs, 1 hit, 0 errors, 0 left on base; Pensacola 0 - Tulsa 1 |
| BOTTOM OF THE 2ND |
|
Tulsa Drillers batting - Pitching for Pensacola Blue Wahoos : LHP Jason St. Clair
|
|
Batting: LHB Umar Matoub
|
0-0: Called Strike 0-1: Swinging Strike 0-2: Ball 1-2: Ball 2-2: Foul Ball, location: 2F 2-2: Fly out, F7 (Flyball, 7, EV 90.0 MPH)
|
|
Batting: RHB Bob Magana
|
0-0: Ball 1-0: Swinging Strike 1-1: Swinging Strike 1-2: Foul Ball, location: 2F 1-2: Strikes out swinging
|
|
Batting: LHB Bobby Gonzalez
|
0-0: Foul Ball, location: 2F 0-1: Swinging Strike 0-2: Foul Ball, location: 2F 0-2: Strikes out swinging
|
| Bottom of the 2nd over - 0 runs, 0 hits, 0 errors, 0 left on base; Pensacola 0 - Tulsa 1 |
| TOP OF THE 3RD |
|
Pensacola Blue Wahoos batting - Pitching for Tulsa Drillers : RHP Bill Tulk
|
|
Batting: RHB Luis Solorzano
|
0-0: Ball 1-0: Called Strike 1-1: Fly out, F7 (Flyball, 78M, EV 88.1 MPH)
|
|
Batting: RHB Alex Velasquez
|
0-0: Ball 1-0: Ball 2-0: Ball 3-0: Called Strike 3-1: Base on Balls
|
|
Batting: RHB Randy Grewe
|
0-0: Called Strike Alex Velasquez steals 2nd, throwing error, E2 Alex Velasquez to third 0-1: Ball 1-1: SINGLE (Line Drive, 7S, EV 103.1 MPH) Alex Velasquez scores
|
|
Batting: RHB Solange Le Coq
|
0-0: Ball 1-0: Ball 2-0: Called Strike 2-1: Called Strike Randy Grewe is caught stealing 2nd base 2-4 2-2: SINGLE (Line Drive, 34D, EV 98.8 MPH)
|
|
Batting: SHB David Garnica
|
0-0: Ball 1-0: Ball 2-0: Swinging Strike 2-1: Called Strike Solange Le Coq steals 2nd base 2-2: Ground out 4-3 (Groundball, 4, EV 100.6 MPH)
|
| Top of the 3rd over - 1 run, 2 hits, 1 error, 1 left on base; Pensacola 1 - Tulsa 1 |
| BOTTOM OF THE 3RD |
|
Tulsa Drillers batting - Pitching for Pensacola Blue Wahoos : LHP Jason St. Clair
|
|
Batting: LHB Joe Phillips
|
0-0: Ball 1-0: Foul Ball, location: 2F 1-1: Foul Ball, location: 2F 1-2: Ground out 6-3 (Groundball, 6M, EV 104.4 MPH)
|
|
Batting: SHB Ray Luna
|
0-0: Called Strike 0-1: Ball 1-1: Foul Ball, location: 2F 1-2: SINGLE (Groundball, 6MD, EV 108.1 MPH)
|
|
Batting: SHB Guy Jerome
|
0-0: Ball 1-0: Ball 2-0: Called Strike 2-1: Foul Ball, location: 2F 2-2: Foul Ball, location: 2F 2-2: Ball 3-2: Strikes out swinging Ray Luna steals 2nd base Batter strikes out.
|
|
Batting: RHB Justin Curran
|
0-0: Ball 1-0: Foul Ball, location: 2F 1-1: Ground out 4-3 (Groundball, 4, EV 84.4 MPH)
|
| Bottom of the 3rd over - 0 runs, 1 hit, 0 errors, 1 left on base; Pensacola 1 - Tulsa 1 |
| TOP OF THE 4TH |
|
Pensacola Blue Wahoos batting - Pitching for Tulsa Drillers : RHP Bill Tulk
|
|
Batting: RHB Jose Nunez
|
0-0: Called Strike 0-1: Ball 1-1: Swinging Strike 1-2: Ball 2-2: SINGLE (Groundball, 34D, EV 94.4 MPH)
|
|
Batting: RHB Mark Williams
|
0-0: Fly out, F7 (Line Drive, 78D, EV 105.6 MPH)
|
|
Batting: LHB John Wagner
|
0-0: Foul Ball, location: 2F 0-1: Grounds into double play, 5-4-3 (Groundball, 5, EV 99.4 MPH)
|
| Top of the 4th over - 0 runs, 1 hit, 0 errors, 0 left on base; Pensacola 1 - Tulsa 1 |
| BOTTOM OF THE 4TH |
|
Tulsa Drillers batting - Pitching for Pensacola Blue Wahoos : LHP Jason St. Clair
|
|
Batting: RHB Jonathan Sotelo
|
0-0: SINGLE (Line Drive, 8RS, EV 93.8 MPH)
|
|
DELAY
|
Rain delay of 13 minutes in the 4th inning.
|
|
Batting: LHB Nate Kee
|
0-0: Ball 1-0: Ball 2-0: Foul Ball, location: 2F 2-1: Swinging Strike 2-2: Foul Ball, location: 2F 2-2: Ball 3-2: Foul Ball, location: 2F 3-2: Strikes out swinging
|
|
Batting: LHB Umar Matoub
|
0-0: Ball 1-0: Called Strike 1-1: Swinging Strike 1-2: Strikes out looking
|
|
Batting: RHB Bob Magana
|
0-0: Ball 1-0: Swinging Strike 1-1: Ball 2-1: Ball 3-1: Foul Ball, location: 2F 3-2: Strikes out swinging
|
| Bottom of the 4th over - 0 runs, 1 hit, 0 errors, 1 left on base; Pensacola 1 - Tulsa 1 |
| TOP OF THE 5TH |
|
Pensacola Blue Wahoos batting - Pitching for Tulsa Drillers : RHP Bill Tulk
|
|
Batting: RHB Armando Moz
|
0-0: Called Strike 0-1: Ball 1-1: Ball 2-1: Foul Ball, location: 2F 2-2: Foul Ball, location: 2F 2-2: SINGLE (Groundball, 6D, EV 96.2 MPH)
|
|
Batting: RHB Luis Solorzano
|
0-0: Called Strike 0-1: Called Strike 0-2: Foul Ball, location: 2F 0-2: Ball 1-2: Foul Ball, location: 2F 1-2: Strikes out swinging
|
|
Batting: RHB Alex Velasquez
|
0-0: SINGLE (Line Drive, 56, EV 102.5 MPH) Armando Moz to second
|
|
Batting: RHB Randy Grewe
|
0-0: Fielders Choice at 2nd, 5-4 (Groundball, 56, EV 87.5 MPH) Armando Moz to third
|
|
Batting: RHB Solange Le Coq
|
0-0: Ball 1-0: Called Strike 1-1: Foul Ball, location: 2F 1-2: Strikes out looking
|
| Top of the 5th over - 0 runs, 2 hits, 0 errors, 2 left on base; Pensacola 1 - Tulsa 1 |
| BOTTOM OF THE 5TH |
|
Tulsa Drillers batting - Pitching for Pensacola Blue Wahoos : LHP Jason St. Clair
|
|
Batting: LHB Bobby Gonzalez
|
0-0: Called Strike 0-1: Swinging Strike 0-2: Ball 1-2: Ball 2-2: Strikes out swinging
|
|
Batting: LHB Joe Phillips
|
0-0: Ball 1-0: Called Strike 1-1: Foul Ball, location: 2F 1-2: Strikes out swinging
|
|
Batting: SHB Ray Luna
|
0-0: Foul Ball, location: 2F 0-1: Foul Ball, location: 2F 0-2: Ball 1-2: Ball 2-2: Strikes out looking
|
| Bottom of the 5th over - 0 runs, 0 hits, 0 errors, 0 left on base; Pensacola 1 - Tulsa 1 |
| TOP OF THE 6TH |
|
Pensacola Blue Wahoos batting - Pitching for Tulsa Drillers : RHP Bill Tulk
|
|
Batting: SHB David Garnica
|
0-0: SINGLE (Groundball, 6MD, EV 104.4 MPH)
|
|
Batting: RHB Jose Nunez
|
0-0: Ball 1-0: Grounds into double play, 6-4-3 (Groundball, 6, EV 80.0 MPH)
|
|
Batting: RHB Mark Williams
|
0-0: Ball 1-0: Ball 2-0: Called Strike 2-1: Reached on error, E5 (Groundball, 56, EV 91.9 MPH)
|
|
Batting: LHB John Wagner
|
0-0: Ball 1-0: Ball 2-0: Called Strike 2-1: Foul Ball, location: 2F 2-2: Strikes out swinging
|
| Top of the 6th over - 0 runs, 1 hit, 1 error, 1 left on base; Pensacola 1 - Tulsa 1 |
| BOTTOM OF THE 6TH |
|
Tulsa Drillers batting - Pitching for Pensacola Blue Wahoos : LHP Jason St. Clair
|
|
Batting: SHB Guy Jerome
|
0-0: Ball 1-0: Swinging Strike 1-1: Ball 2-1: Ball 3-1: Called Strike 3-2: Ground out U3 (Groundball, 23, EV 81.9 MPH)
|
|
Batting: RHB Justin Curran
|
0-0: Foul Ball, location: 2F 0-1: Swinging Strike 0-2: Strikes out swinging
|
|
Batting: RHB Jonathan Sotelo
|
0-0: Ball 1-0: Foul Ball, location: 2F 1-1: SINGLE (Groundball, 34D, EV 98.1 MPH)
|
|
Batting: LHB Nate Kee
|
0-0: Called Strike 0-1: Ball 1-1: Ground out 4-3 (Groundball, 4, EV 85.6 MPH)
|
| Bottom of the 6th over - 0 runs, 1 hit, 0 errors, 1 left on base; Pensacola 1 - Tulsa 1 |
| TOP OF THE 7TH |
|
Pensacola Blue Wahoos batting - Pitching for Tulsa Drillers : RHP Bill Tulk
|
|
Batting: RHB Armando Moz
|
0-0: Called Strike 0-1: Ground out 5-3 (Groundball, 5, EV 89.4 MPH)
|
|
Batting: RHB Luis Solorzano
|
0-0: Ball 1-0: Foul Ball, location: 2F 1-1: Foul Ball, location: 2F 1-2: Ball 2-2: Ball 3-2: Base on Balls
|
|
Batting: RHB Alex Velasquez
|
0-0: Ball Luis Solorzano is caught stealing 2nd base 2-4 1-0: Swinging Strike 1-1: Ball 2-1: Called Strike 2-2: Ground out 5-3 (Groundball, 5S, EV 81.2 MPH)
|
| Top of the 7th over - 0 runs, 0 hits, 0 errors, 0 left on base; Pensacola 1 - Tulsa 1 |
| BOTTOM OF THE 7TH |
|
Tulsa Drillers batting - Pitching for Pensacola Blue Wahoos : LHP Jason St. Clair
|
|
Pitching: RHP Vladislav Prochazka
|
|
|
Batting: LHB Umar Matoub
|
0-0: Called Strike 0-1: Foul Ball, location: 2F 0-2: Foul Ball, location: 2F 0-2: SINGLE (Groundball, 6MD, EV 108.8 MPH)
|
|
Batting: RHB Bob Magana
|
0-0: Fielders Choice at 2nd, 6-4 (Groundball, 56, EV 77.5 MPH)
|
|
Batting: LHB Bobby Gonzalez
|
0-0: Ball 1-0: Ball 2-0: Foul Ball, location: 2F 2-1: Ball 3-1: Fielders Choice at 2nd, 4-6 (Groundball, 4, EV 104.4 MPH)
|
|
Batting: LHB Joe Phillips
|
0-0: Called Strike 0-1: Swinging Strike 0-2: Ball 1-2: Ball 2-2: Ball Wild Pitch! Bobby Gonzalez to second 3-2: Fly out, F8 (Flyball, 8LM, EV 83.8 MPH)
|
| Bottom of the 7th over - 0 runs, 1 hit, 0 errors, 1 left on base; Pensacola 1 - Tulsa 1 |
| TOP OF THE 8TH |
|
Pensacola Blue Wahoos batting - Pitching for Tulsa Drillers : RHP Bill Tulk
|
|
Batting: RHB Randy Grewe
|
0-0: Called Strike 0-1: Ball 1-1: Ball 2-1: Foul Ball, location: 2F 2-2: Strikes out swinging
|
|
Batting: RHB Solange Le Coq
|
0-0: Ball 1-0: Ball 2-0: DOUBLE (Line Drive, 7LM, EV 98.8 MPH)
|
|
Batting: SHB David Garnica
|
0-0: Intentional Walk
|
|
Batting: RHB Jose Nunez
|
0-0: Ball 1-0: Called Strike 1-1: Swinging Strike 1-2: Ball 2-2: Foul Ball, location: 2F 2-2: Ball 3-2: SINGLE (Groundball, 6D, EV 110.6 MPH) Solange Le Coq to third David Garnica to second Runner from 3rd tries for Home, SAFE, throw by CF to home
|
|
Batting: RHB Mark Williams
|
0-0: SINGLE (Groundball, 34D, EV 98.1 MPH) David Garnica to third Jose Nunez to second
|
|
Batting: LHB John Wagner
|
0-0: Ball 1-0: Ball 2-0: Ball 3-0: Called Strike 3-1: Fly out, F7 (Flyball, 7S, EV 85.6 MPH)
|
|
Pitching: RHP Jose Tavira
|
|
|
Batting: RHB Armando Moz
|
0-0: Called Strike 0-1: Called Strike 0-2: Ball 1-2: Fly out, F3 (Line Drive, 34, EV 68.1 MPH)
|
| Top of the 8th over - 1 run, 3 hits, 0 errors, 3 left on base; Pensacola 2 - Tulsa 1 |
| BOTTOM OF THE 8TH |
|
Tulsa Drillers batting - Pitching for Pensacola Blue Wahoos : RHP Vladislav Prochazka
|
|
Pitching: RHP Damian Molina
|
|
|
Batting: SHB Ray Luna
|
0-0: Ball 1-0: Ball 2-0: Ball 3-0: Called Strike 3-1: Base on Balls
|
|
Batting: SHB Guy Jerome
|
0-0: Ball 1-0: SINGLE (Groundball, 6D, EV 104.4 MPH) Ray Luna to second
|
|
Batting: RHB Justin Curran
|
0-0: Ball 1-0: Called Strike 1-1: Swinging Strike 1-2: Foul Ball, location: 2F 1-2: Ball 2-2: Strikes out swinging
|
|
Batting: RHB Jonathan Sotelo
|
0-0: SINGLE (Flyball, 4D, EV 90.6 MPH) Ray Luna to third Guy Jerome to second
|
|
Batting: LHB Nate Kee
|
0-0: Grounds into fielders choice 6-2 (Groundball, 4, EV 90.0 MPH) Guy Jerome to third Jonathan Sotelo to second
|
|
Batting: LHB Umar Matoub
|
0-0: Fly out, F8 (Flyball, 8RD, EV 98.8 MPH)
|
| Bottom of the 8th over - 0 runs, 2 hits, 0 errors, 3 left on base; Pensacola 2 - Tulsa 1 |
| TOP OF THE 9TH |
|
Pensacola Blue Wahoos batting - Pitching for Tulsa Drillers : RHP Jose Tavira
|
|
Pitching: RHP Jeff Dailey
|
|
|
Pinch Hitting: SHB Bobby O'Leary
|
0-0: Called Strike 0-1: Ball 1-1: Called Strike 1-2: Ground out 1-3 (Groundball, 15S, EV 68.1 MPH)
|
|
Batting: RHB Alex Velasquez
|
0-0: Called Strike 0-1: Ball 1-1: Ball 2-1: Swinging Strike 2-2: Foul Ball, location: 2F 2-2: Strikes out swinging
|
|
Batting: RHB Randy Grewe
|
0-0: Ball 1-0: Called Strike 1-1: Ball 2-1: Ball 3-1: Swinging Strike 3-2: Strikes out swinging
|
| Top of the 9th over - 0 runs, 0 hits, 0 errors, 0 left on base; Pensacola 2 - Tulsa 1 |
| BOTTOM OF THE 9TH |
|
Tulsa Drillers batting - Pitching for Pensacola Blue Wahoos : RHP Damian Molina
|
|
Pitching: RHP Dave Kurtz
|
|
|
Now at 2B: Gabe Ochoa
|
|
|
Now at 3B: Bobby O'Leary
|
|
|
Now at SS: Alex Velasquez
|
|
|
Batting: RHB Bob Magana
|
0-0: Ball 1-0: Called Strike 1-1: Swinging Strike 1-2: Foul Ball, location: 2F 1-2: Ball 2-2: SINGLE (Groundball, 5D, EV 94.4 MPH)
|
|
Batting: LHB Bobby Gonzalez
|
0-0: Bunted foul 0-1: Bunted foul 0-2: Fielders Choice at 2nd, 4-6 (Groundball, 34, EV 95.0 MPH)
|
|
Batting: LHB Joe Phillips
|
0-0: Foul Ball, location: 2F 0-1: Foul Ball, location: 2F 0-2: Grounds into double play, 6-4-3 (Groundball, 6, EV 86.2 MPH)
|
| Bottom of the 9th over - 0 runs, 1 hit, 0 errors, 0 left on base; Pensacola 2 - Tulsa 1 |
|